 Dungeon Crawl Stone Soup version 0.26-a0-642-g67e99244d3 (webtiles) character file.

Game seed: 17582231559341324720

28 MrRokkomies the Skirmisher (level 3, -2/23 HPs)
             Began as a Tengu Wanderer on Sept 22, 2020.
             Slain by Sigmund
             ... wielding a +0 scythe
              (9 damage)
             ... on level 2 of the Dungeon.
             The game lasted 00:02:07 (1365 turns).

MrRokkomies the Skirmisher (Tengu Wanderer)         Turns: 1365, Time: 00:02:08

Health: -2/23      AC:  2    Str:  9    XL:     3   Next: 12%
Magic:  4/4        EV: 10    Int: 16    God:
Gold:   63         SH:  4    Dex: 13    Spells: 2/2 levels left

rFire    . . .     SeeInvis .   a - +0 dagger
rCold    . . .     Faith    .   d - +0 buckler
rNeg     . . .     Spirit   .   e - +0 robe
rPois    .         Reflect  .   (helmet restricted)
rElec    .         Harm     .   (no cloak)
rCorr    .         Rampage  .   (no gloves)
MR       .....                  (boots unavailable)
Stlth    ++........             (no amulet)
HPRegen  0.07/turn              (no ring)
MPRegen  0.09/turn              (no ring)

@: no status effects
A: beak, talons 3
a: no special abilities


You were on level 2 of the Dungeon.
You visited 1 branch of the dungeon, and saw 2 of its levels.

You collected 63 gold pieces.

Inventory:

Hand Weapons
 a - a +0 dagger (weapon)
Missiles
 g - 4 poisoned darts (quivered)
Armour
 d - a +0 buckler (worn)
 e - a +0 robe (worn)
Scrolls
 c - a scroll of teleportation
 f - 2 scrolls of blinking
 i - 3 scrolls of remove curse
Potions
 b - a potion of haste
 h - a potion of curing {unknown}
 j - 2 potions of magic
 k - a potion of lignification {unknown}
 l - a potion of heal wounds {unknown}
 m - a potion of might {unknown}


   Skills:
 * Level 3.5 Fighting
 + Level 1.4 Throwing
 - Level 3.0 Stealth
 * Level 2.0 Shields
 - Level 2.1 Unarmed Combat


You had 2 spell levels left.
You didn't know any spells.
Your spell library was empty.

Dungeon Overview and Level Annotations

Branches:
Dungeon (2/15)

Altars:

Annotations:
D:2 Sigmund


Innate Abilities, Weirdness & Mutations

You have a beak for a mouth.
You have claws for feet.


Message History

Throwing (i - inventory)
g - 7 poisoned darts (quivered)
Press: ? - help, Shift-Dir - straight line, f - adder
Aim: an adder You throw a poisoned dart.
The poisoned dart misses the adder.
The poisoned dart hits the worm.
The worm looks even sicker.
The worm is lightly wounded.
The adder closely misses you. Something hits you but does no damage.
Throwing (i - inventory)
g - 6 poisoned darts (quivered)
Press: ? - help, Shift-Dir - straight line, f/p - adder
Aim: an adder You throw a poisoned dart.
The poisoned dart hits the adder.
The adder is poisoned.
The adder bites you. The adder bites you but does no damage.
Unknown command.
Throwing (i - inventory)
g - 5 poisoned darts (quivered)
Press: ? - help, Shift-Dir - straight line, f/p - adder
Aim: an adder (poisoned)
You throw a poisoned dart. The poisoned dart hits the adder.
The adder looks even sicker.
Something hits you!
You die...

#.### #..(# ###(# #.# #w#
#.# #.# #.# ## #.# #.# ..
#S# #.# #. #@# #.# #. #.#
#§# ##.## #(# #§#
#####...#####.# #§#
..............# #§#
####...############.###.#
##.........[.(.......#
##########......#####
#.######


You could see a worm (very poisoned) and an adder (very poisoned).

Vanquished Creatures
  2 dart slugs (D:1)
  3 leopard geckos
  2 bats (D:1)
  A giant cockroach (D:1)
  2 goblins (D:1)
  A hobgoblin (D:1)
  5 frilled lizards (D:1)
  4 kobolds (D:1)
20 creatures vanquished.

Notes
Turn   | Place    | Note
-------+----------+-------------------------------------------
     0 | D:1      | MrRokkomies the Tengu Wanderer began the quest for the Orb.
     0 | D:1      | MrRokkomies set off with the following items: a +0 dagger,
                  | a potion of haste, a scroll of teleportation, a +0 buckler,
                  | a +0 robe, a scroll of blinking
     0 | D:1      | Reached XP level 1. HP: 14/14 MP: 2/2
   398 | D:1      | Reached XP level 2. HP: 18/19 MP: 3/3
   952 | D:1      | Reached XP level 3. HP: 23/23 MP: 4/4
  1336 | D:2      | Noticed Sigmund
  1365 | D:2      | Slain by Sigmund

Illustrated notes

Levels and vault maps discovered:
D:1:      elethiomel_arrival_infinity_welcomes_careful_drivers,
          layout_loops_corners, minmay_tetromino_i4
D:2:      layout_loops_ring, nicolae_dithmenos_through_a_glass_darkly,
          grunt_qazlal_clouds, uniq_sigmund

Skill      XL: |  1  2  3 |
---------------+----------+-----
Shields        | 2 |  2.0
Fighting       | |  3.5
Throwing       | |  1.4
Stealth        | |  3.0
Unarmed Combat | |  2.1

Action                   || total
-------------------------++-------
Melee: Dagger            ||    55
       Kick              ||     9
       Peck              ||     5
Throw: Dart              ||    30
  Use: Scroll            ||     4
 Stab: Sleeping          ||     2
Armor: Robe              ||    16
Dodge: Dodged            ||    33
Block: Buckler           ||    14

Table legend: (Time is in decaauts)
 A = Elapsed time spent in this place.
 B = Non-inter-level travel time spent in this place.
 C = Inter-level travel time spent in this place.
 D = Time resting spent in this place.
 E = Time spent auto-exploring this place.
 F = Levels seen in this place.
 G = Mean time per level.
                   A        B        C        D        E       F      G
               +--------+--------+--------+--------+--------+-----+--------+
         Total |   1364 |   1339 |     25 |      0 |   1167 |   2 |  682.0 |
       Dungeon |   1364 |   1339 |     25 |      0 |   1167 |   2 |  682.0 |
               +--------+--------+--------+--------+--------+-----+--------+

Top non-repeatable levels by time:
     D:1: 1259 daAuts
     D:2: 104 daAuts
